 Dungeon Sprint DCSS version 0.28-a0-1524-ge72afd5fc6 (webtiles) character file.

Game seed: 11198772604847075964

119 mhtbhm the Covered (level 4, -5/73 HPs)
             Began as a Minotaur Fighter on Jan 17, 2022.
             Slain by a shadow (14 damage)
             ... in the Dungeon (Sprint III: "The Ten Rune Challenge").
             The game lasted 00:01:06 (622 turns).

mhtbhm the Covered (Minotaur Fighter)                Turns: 622, Time: 00:01:06

Health: -5/73      AC:  8    Str: 22    XL:     4   Next: 74%
Magic:  3/3        EV: 10    Int:  5    God:
Gold:   21         SH:  5    Dex: 10    Spells: 3/3 levels left

rFire   . . .      SeeInvis .   a - +0 war axe
rCold   . . .      Faith    .   c - +0 buckler
rNeg    . . .      Spirit   .   b - +0 scale mail
rPois   .          Reflect  .   (helmet restricted)
rElec   .          Harm     .   (no cloak)
rCorr   .          Rampage  .   (no gloves)
Will    .....      NoTele   +   (no boots)
Stlth   ..........              (no amulet)
HPRegen 0.22/turn               (no ring)
MPRegen 0.08/turn               (no ring)

@: berserking, very quick
A: horns 2, retaliatory headbutt, hooves 1, high mp 1, robust 1
a: no special abilities


You were in the Dungeon.
You visited 1 branch You collected 21 gold pieces.

Inventory:

Hand Weapons
 a - a +0 war axe (weapon)
Armour
 b - a +0 scale mail (worn)
 c - a +0 buckler (worn)
Scrolls
 j - a scroll of blinking
 k - 3 scrolls of amnesia {unknown}
 l - a scroll of immolation {unknown}
 m - 3 scrolls of identify
 o - a scroll of torment {unknown}
Potions
 d - a potion of might
 g - a potion of haste
 h - 2 potions of magic
 n - 2 potions of flight
 p - a potion of invisibility {unknown}
 q - a potion of mutation


   Skills:
 + Level 6.8 Fighting
 + Level 4.8 Axes
 + Level 7.5 Armour
 + Level 1.5 Dodging
 + Level 6.4 Shields


You had 3 spell levels left.
You didn't know any spells.
Your spell library was empty.

Dungeon Overview and Level Annotations

Branches:
Dungeon (1/1)

Altars:


Innate Abilities, Weirdness & Mutations

You have a pair of horns on your head.
You reflexively headbutt those who attack you in melee.
You have large cloven feet.
You have an increased reservoir of magic. (+10% MP)
You are robust. (+10% HP)


Message History

No target in view!
No target in view!
No target in view!
No target in view!
No target in view!
No target in view!
No target in view!
No target in view!
You closely miss something.
The shadow strikes at you from the darkness!
You closely miss something.
The shadow strikes at you from the darkness!
Reactivating autopickup.
The shadow hits you.
You hit the shadow but do no damage.
The shadow is lightly damaged.
You block the shadow's attack.
Unknown command.
You barely miss the shadow. You kick the shadow, but do no damage.
The shadow is lightly damaged.
The shadow misses you.
You barely miss the shadow.
The shadow is lightly damaged.
You block the shadow's attack. The shadow hits you.
* * * LOW HITPOINT WARNING * * *
Unknown command.
You feel better. The shadow hits you.
* * * LOW HITPOINT WARNING * * *
A red film seems to cover your vision as you go berserk!
You feel yourself moving faster!
You feel mighty! The shadow hits you!
* * * LOW HITPOINT WARNING * * *
You slash the shadow!
The shadow is heavily damaged.
The shadow slips into darkness.
The shadow flickers and vanishes!
Deactivating autopickup; reactivate with Ctrl-A.
You closely miss something. Your kick misses something.
You barely miss something. You kick something. Your headbutt misses something.
The shadow strikes at you from the darkness!
You die...

▓▓▓ ♣ ♣.# ♣♣♣ ♣.#
♣.♣ ♣.#
≈.♣♣♣♣.###+#+###+##
≈♣♣♣.♣.#..........#
≈≈♣♣♣..'.⌠......@.#
≈≈≈≈.♣.#...######{#
≈≈≈....#.⌠.# ..#
≈≈.....#...# ...#
.......#+### #...#
.......# #...+
.......# +...#
▓▓▓▓▓▓▓▓ ▓▓▓▓▓


There were no monsters in sight!

Vanquished Creatures
  A water elemental (D)
  Jessica (D)
  A human (D)
  A wolf (D)
  An endoplasm (D)
  2 rats (D)
7 creatures vanquished.

Notes
Turn   | Place    | Note
-------+----------+-------------------------------------------
     0 | D        | mhtbhm the Minotaur Fighter began the quest for the Orb.
     0 | D        | Reached XP level 1. HP: 19/19 MP: 0/0
     6 | D        | Reached skill level 4 in Armour
    13 | D        | Noticed Jessica
    16 | D        | Killed Jessica
    17 | D        | Reached skill level 5 in Fighting
    17 | D        | Reached skill level 5 in Armour
    17 | D        | Reached skill level 5 in Shields
    17 | D        | Reached XP level 2. HP: 29/29 MP: 1/1
    17 | D        | Reached XP level 3. HP: 36/36 MP: 2/2
    50 | D        | Reached skill level 6 in Armour
   330 | D        | Gained mutation: You sometimes lose the ability to read
                  | scrolls when taking damage. [potion of mutation]
   331 | D        | Lost mutation: You sometimes lose the ability to read
                  | scrolls when taking damage. [potion of mutation]
   331 | D        | Gained mutation: You are partially covered in large bone
                  | plates. (SH +4) [potion of mutation]
   331 | D        | Gained mutation: You are weak. (Str -2) [potion of
                  | mutation]
   331 | D        | Gained mutation: Armour fits poorly on your strangely
                  | shaped body. [potion of mutation]
   331 | D        | Gained mutation: You are agile. (Dex +2) [potion of
                  | mutation]
   333 | D        | Lost mutation: You are agile. (Dex +2) [potion of mutation]
   333 | D        | Lost mutation: You are partially covered in large bone
                  | plates. (SH +4) [potion of mutation]
   333 | D        | Lost mutation: Armour fits poorly on your strangely shaped
                  | body. [potion of mutation]
   333 | D        | Gained mutation: You sometimes lose the ability to read
                  | scrolls when taking damage. [potion of mutation]
   333 | D        | Gained mutation: You are partially covered in iridescent
                  | scales. (AC +2) [potion of mutation]
   333 | D        | Gained mutation: You are robust. (+10% HP) [potion of
                  | mutation]
   334 | D        | Lost mutation: You are partially covered in iridescent
                  | scales. (AC +2) [potion of mutation]
   334 | D        | Lost mutation: You are weak. (Str -2) [potion of mutation]
   334 | D        | Gained mutation: Your system is resistant to poisons.
                  | (rPois) [potion of mutation]
   334 | D        | Gained mutation: You are very robust. (+20% HP) [potion of
                  | mutation]
   335 | D        | Lost mutation: You are very robust. (+20% HP) [potion of
                  | mutation]
   335 | D        | Lost mutation: Your system is resistant to poisons. (rPois)
                  | [potion of mutation]
   335 | D        | Lost mutation: You sometimes lose the ability to read
                  | scrolls when taking damage. [potion of mutation]
   335 | D        | Gained mutation: You have an increased reservoir of magic.
                  | (+10% MP) [potion of mutation]
   335 | D        | Gained mutation: You have large cloven feet. [potion of
                  | mutation]
   394 | D        | Noticed a water elemental
   406 | D        | Killed a water elemental
   407 | D        | Reached skill level 7 in Armour
   407 | D        | Reached skill level 1 in Dodging
   407 | D        | Reached XP level 4. HP: 18/49 MP: 3/3
   608 | D        | Noticed a shadow
   622 | D        | Slain by a shadow

Illustrated notes

Levels and vault maps discovered:
D:        dungeon_sprint_mu [sprint_mu_entry_forest, sprint_mu_temple_rooms,
          sprint_mu_d1_horrors, sprint_mu_d2_genie, sprint_mu_d3_branching,
          sprint_mu_orc_legion, sprint_mu_elf_gauntlet, sprint_mu_hive_nellie,
          sprint_mu_lair_fedhas, sprint_mu_vaults_butterflies,
          sprint_mu_slime_circle, sprint_mu_swamp_cave, sprint_mu_shoals_archi,
          sprint_mu_blade_basic, sprint_mu_crypt_fortress,
          sprint_mu_tomb_spiral, sprint_mu_vestibule_basic,
          sprint_mu_gehenna_hellfire, sprint_mu_dis_giant,
          sprint_mu_tartarus_statrot, sprint_mu_cocytus_islands, sprint_mu_zot1]

Skill      XL: |  1  2  3 |
---------------+----------+-----
Fighting       | 5 6 |  6.8
Armour         | 5 7 |  7.5
Shields        | 5 6 |  6.4
Axes           | 3 4 |  4.8
Dodging        | 1 |  1.5

Action                   |  1- 3 |  4- 6 || total
-------------------------+-------+-------++-------
Melee: War axe           |    26 |    11 ||    37
       Headbutt          |     5 |       ||     5
       Kick              |     2 |     2 ||     4
  Use: Potion            |     6 |     2 ||     8
Armor: Scale mail        |     6 |     1 ||     7
Dodge: Dodged            |     9 |     2 ||    11
Block: Buckler           |     4 |     3 ||     7

Table legend: (Time is in decaauts)
 A = Elapsed time spent in this place.
 B = Non-inter-level travel time spent in this place.
 C = Inter-level travel time spent in this place.
 D = Time resting spent in this place.
 E = Time spent auto-exploring this place.
 F = Levels seen in this place.
 G = Mean time per level.
                   A        B        C        D        E       F      G
               +--------+--------+--------+--------+--------+-----+--------+
         Total |    636 |    636 |      0 |    456 |      1 |   1 |  636.0 |
       Dungeon |    636 |    636 |      0 |    456 |      1 |   1 |  636.0 |
               +--------+--------+--------+--------+--------+-----+--------+

Top non-repeatable levels by time:
       D: 636 daAuts
